 Dungeon Crawl Stone Soup version 0.29.0-4-gdea44cf6ec (webtiles) character file.

Game seed: 11945978517191870511

123 qw the Chopper (level 5, -4/30 HPs)
             Began as a Tengu Warper on Aug 28, 2022.
             Killed from afar by an orc wizard (7 damage)
             ... with a puff of flame
             ... on level 3 of the Dungeon.
             The game lasted 00:00:11 (2349 turns).

qw the Chopper (Tengu Warper)                       Turns: 2349, Time: 00:00:12

Health: -4/30      AC: 11    Str: 13    XL:     5   Next: 7%
Magic:  9/9        EV:  4    Int: 14    God:
Gold:   142        SH:  0    Dex: 13    Spells: 8/8 levels left

rFire   . . .      SeeInvis .   Y - +0 hand axe
rCold   . . .      Faith    .   (no shield)
rNeg    . . .      Spirit   .   g - +0 plate armour
rPois   .          Reflect  .   (helmet restricted)
rElec   .          Harm     .   (no cloak)
rCorr   .          Rampage  .   (no gloves)
Will    .....                   (boots unavailable)
Stlth   ..........              (no amulet)
HPRegen 0.10/turn               (no ring)
MPRegen 0.11/turn               (no ring)

@: flying quickly and evasively, quick
A: beak, talons 3, nimble flight
a: no special abilities


You were on level 3 of the Dungeon.
You visited 1 branch of the dungeon, and saw 3 of its levels.

You collected 142 gold pieces.


Innate Abilities, Weirdness & Mutations

You have a beak for a mouth.
You have claws for feet.
Your magical nature lets you fly swiftly and evasively.


   Skills:
 - Level 2.0 Fighting
 + Level 5.0 Axes
 - Level 1.0 Throwing
 - Level 2.5 Armour
 - Level 2.1 Dodging
 - Level 2.0 Spellcasting
 - Level 2.4 Translocations


You had 8 spell levels left.
You didn't know any spells.
Your spell library contained the following spells:

 Spells                   Type           Power      Damage    Failure   Level
 Blink                    Tloc           16%        N/A       100%        2
 Gell's Gravitas          Tloc           8%         N/A       100%        3
 Lesser Beckoning         Tloc           8%         N/A       100%        3
 Teleport Other           Tloc           8%         N/A       100%        3
 Manifold Assault         Tloc           8%         N/A       100%        5

Inventory:

Hand Weapons
 i - a +1 morningstar of holy wrath
 Y - a +0 hand axe (weapon)
Missiles
 f - 6 boomerangs (quivered)
Armour
 g - a +0 plate armour (worn)
Scrolls
 c - a scroll of identify

Dungeon Overview and Level Annotations

Branches:
Dungeon (3/15)

Altars:


Message History

You kill the orc!
You closely miss something. Something hits you.
You barely miss something. Your kick misses something. Something hits you.
You closely miss something. Your kick misses something.
Your peck misses something. Something hits you but does no damage.
You hit something. Something completely misses you.
You miss something. Your peck misses something.
Something hits you but does no damage.
You miss something. You claw something. Your punch misses something.
You hear some strange, mumbled words.
Something tries to affect you, but you resist.
Something hits you.
You hit something but do no damage. Your kick misses something.
Your peck misses something. Something hits you but does no damage.
You miss something. Your peck misses something.
Something hits you but does no damage.
You barely miss something. You peck something.
Something hits you but does no damage.
You closely miss something. Your kick misses something.
Something hits you but does no damage.
You barely miss something. You claw something. Your peck misses something.
Something hits you but does no damage.
You closely miss something. Your kick misses something.
Your peck misses something. Something hits you but does no damage.
You hit something but do no damage. Something hits you but does no damage.
You miss something. Your kick misses something. Your peck misses something.
Something hits you but does no damage.
You closely miss something.
An orc wizard appears from thin air!
Reactivating autopickup.
The orc wizard points at you and mumbles some strange words.
The puff of flame hits you!
You die...

# #.#..
#..........
#....
#.#.#.#.#.. #
#....
#[.........
##.#..#.
#.#.#.#.#..
.....#.
#.........#
##.###.
##.#.#.#.#.#
#.....
##...)o......
##..##
#...#@#.#.#..
#....
#.#.........#
##....
#.##..........
#.....
#....#######.
+.....
#.##........
#.....
#.############
##<...
#.............
##...
#.############
##..
#............#
##+


You could see an orc wizard.

Vanquished Creatures
  Natasha (thrice) (D:2)
  An adder (D:2)
  2 orcs (D:3)
  3 ball pythons
  5 bats
  3 endoplasms
  A giant cockroach (D:2)
  3 goblins
  5 hobgoblins
  4 kobolds
  A quokka (D:2)
  2 frilled lizards (D:2)
  3 rats
36 creatures vanquished.

Notes
Turn   | Place    | Note
-------+----------+-------------------------------------------
     0 | D:1      | qw the Tengu Warper began the quest for the Orb.
     0 | D:1      | Reached XP level 1. HP: 12/12 MP: 4/4
     0 | D:1      | 0 ||| qw: Version: 0.1-a-89-g26bdef1
     0 | D:1      | 0 ||| qw: Game counter: 1114
     0 | D:1      | 0 ||| qw: Always use a shield: true
     0 | D:1      | 0 ||| qw: God list: Okawaru
     0 | D:1      | 0 ||| qw: Allow faded altars: false
     0 | D:1      | 0 ||| qw: Do Orc after D:15 true
     0 | D:1      | 0 ||| qw: Do second Lair branch before Depths: true
     0 | D:1      | 0 ||| qw: Lair rune preference: random
     0 | D:1      | 0 ||| qw: Plans: Normal
     0 | D:1      | 0 ||| PLANNING D:1-11
   271 | D:1      | Reached skill level 3 in Axes
   271 | D:1      | Reached XP level 2. HP: 17/17 MP: 6/6
   331 | D:1      | 331 ||| DROPPING +0 whip.
   581 | D:1      | 581 ||| UPGRADING to +0 ring mail.
   591 | D:1      | 591 ||| DROPPING +0 leather armour.
   592 | D:1      | 592 ||| UPGRADING to +0 plate armour.
   602 | D:1      | 602 ||| DROPPING +0 ring mail.
   603 | D:1      | 603 ||| READING scroll labelled KOHUAP MELOANUCAK.
   604 | D:1      | 604 ||| DROPPING scroll of blinking.
   662 | D:2      | HP: 4/17 [adder (3)]
   665 | D:2      | HP: 1/17 [poisoned by an adder]
   766 | D:2      | 766 ||| FLEEEEING.
   767 | D:2      | 767 ||| FLEEEEING.
   768 | D:2      | 768 ||| STAIRDANCE
   985 | D:2      | Reached XP level 3. HP: 21/21 MP: 7/7
  1015 | D:2      | 1015 ||| Stepping ~*~*~tactically~*~*~ (stealth).
  1019 | D:2      | 1019 ||| Stepping ~*~*~tactically~*~*~ (stealth).
  1020 | D:2      | 1020 ||| Stepping ~*~*~tactically~*~*~ (stealth).
  1028 | D:2      | 1028 ||| Stepping ~*~*~tactically~*~*~ (stealth).
  1060 | D:2      | Reached skill level 4 in Axes
  1410 | D:2      | Found a faded altar of an unknown god.
  1438 | D:2      | Noticed Natasha
  1439 | D:2      | 1439 ||| Stepping ~*~*~tactically~*~*~ (hiding).
  1446 | D:2      | Killed Natasha
  1447 | D:2      | Reached XP level 4. HP: 13/26 MP: 8/8
  1681 | D:2      | Noticed Natasha
  1682 | D:2      | 1682 ||| Stepping ~*~*~tactically~*~*~ (hiding).
  1683 | D:2      | 1683 ||| Stepping ~*~*~tactically~*~*~ (hiding).
  1691 | D:2      | Killed Natasha
  1773 | D:2      | 1773 ||| Stepping ~*~*~tactically~*~*~ (stealth).
  2046 | D:2      | Noticed Natasha
  2047 | D:2      | 2047 ||| Stepping ~*~*~tactically~*~*~ (stealth).
  2055 | D:2      | Killed Natasha
  2056 | D:2      | Gained mutation: Your magical nature lets you fly swiftly
                  | and evasively. [Tengu growth]
  2056 | D:2      | Reached XP level 5. HP: 21/30 MP: 9/9
  2177 | D:2      | 2177 ||| READING scroll labelled UDI ISTODDAL.
  2180 | D:2      | 2180 ||| READING scroll labelled CAMINTYSITH.
  2181 | D:2      | 2181 ||| READING scroll labelled WUIROFOWUIN.
  2182 | D:2      | 2182 ||| READING 2 scrolls of identify.
  2182 | D:2      | 2182 ||| IDENTIFYING fizzy emerald potion
  2183 | D:2      | 2183 ||| DROPPING potion of ambrosia.
  2289 | D:3      | Reached skill level 5 in Axes
  2314 | D:3      | 2314 ||| Stepping randomly (stuck).
  2335 | D:3      | HP: 7/30 [something (3)]
  2336 | D:3      | HP: 3/30 [something (4)]
  2349 | D:3      | Killed from afar by an orc wizard

Levels and vault maps discovered:
D:1:      dpeg_arrival_oval, layout_basic
D:2:      layout_basic, basic_ecumenical_altar, uniq_natasha
D:3:      layout_loops_corners, serial_co_window_serial, co_window_corner_a,
          co_window_paths_a, co_window_paths_a, co_window_of_opportunity_a,
          co_window_corner_a, co_window_cross_1, co_window_of_opportunity_a,
          co_window_corner_b, co_window_paths_c, co_window_paths_c,
          co_window_4corner_b, co_window_paths_e, glass_columns_c,
          glass_columns_c, glass_columns_a, glass_columns_a,
          hangedman_abyss_or_decor_stabs, minmay_goblin_outpost

Skill      XL: |  1  2  3  4  5 |
---------------+----------------+-----
Axes           | 3 4 5 |  5.0
Armour         | 2 |  2.5
Fighting       | |  2.0
Throwing       | |  1.0
Dodging        | |  2.1
Spellcasting   | |  2.0
Translocations | |  2.4

Action                   |  1- 3 |  4- 6 || total
-------------------------+-------+-------++-------
Melee: Hand axe          |    39 |    56 ||    95
       Kick              |     5 |     9 ||    14
       Peck              |     3 |     9 ||    12
Throw: Boomerang         |    32 |    10 ||    42
  Use: Scroll            |     1 |     4 ||     5
Armor: Plate armour      |    25 |    38 ||    63
       Leather armour    |     1 |       ||     1
Dodge: Dodged            |     7 |     7 ||    14

Table legend:
 A = Non-vault XP
 B = Vault XP
 C = Vault XP percentage of total XP
 D = Non-vault monster count
 E = Vault monster count
 F = Vault count percentage of total count
                 A         B        C        D         E       F
            +---------+---------+-------+---------+---------+-------
      Total |     141 |      35 |  19.9 |      35 |       1 |   2.8
            +---------+---------+-------+---------+---------+-------
        D:1 |      17 |       0 |   0.0 |       9 |       0 |   0.0
        D:2 |     115 |      35 |  23.3 |      22 |       1 |   4.3
        D:3 |       9 |       0 |   0.0 |       4 |       0 |   0.0
            +---------+---------+-------+---------+---------+-------
